 Dungeon Crawl Stone Soup version 0.25-a0-942-g87a53962fc (webtiles) character file.

Game seed: 11702098104577739554, levelgen mode: deterministic

193 MisterFreud the Skirmisher (level 5, -2/47 HPs)
             Began as a Gnoll Abyssal Knight on May 7, 2020.
             Was a Priest of Lugonu.
             Slain by an orc
             ... wielding a +0 flail
              (8 damage)
             ... on level 3 of the Dungeon.
             The game lasted 00:04:07 (2701 turns).

MisterFreud the Skirmisher (Gnoll Abyssal Knight)   Turns: 2701, Time: 00:04:07

Health: -2/47      AC:  5    Str: 14    XL:     5   Next: 72%
Magic:  8/8        EV: 10    Int: 16    God:    Lugonu [***...]
Gold:   58         SH:  8    Dex: 14    Spells: 7/7 levels left

rFire    + . .     SeeInvis .   v - +0 short sword (speed)
rCold    . . .     Gourm    .   m - +0 kite shield
rNeg     . . .     Faith    .   b - +0 leather armour
rPois    .         Spirit   .   y - +1 hat
rElec    .         Reflect  .   (no cloak)
rCorr    .         Harm     .   n - +0 pair of gloves
MR       .....                  (no boots)
Stlth    ++........             (no amulet)
HPRegen  0.15/turn              u - ring of flight
MPRegen  0.11/turn              w - ring of protection from fire

@: no status effects
A: distributed training, fangs 1, strong nose
a: Depart the Abyss, Bend Space, Banish, Renounce Religion, Evoke Flight


You were on level 3 of the Dungeon.
You worshipped Lugonu.
Lugonu was most pleased with you.
You were not hungry.

You visited 1 branch of the dungeon, and saw 4 of its levels.
You visited the Abyss 1 time.

You collected 58 gold pieces.

Inventory:

Hand Weapons
 a - a +1 short sword
 v - a +0 short sword of speed (weapon)
Missiles
 f - 55 stones (quivered)
 i - 42 arrows
 p - 32 bolts
 q - 11 sling bullets
Armour
 b - a +0 leather armour (worn)
 m - a +0 kite shield (worn)
 n - a +0 pair of gloves (worn)
 y - a +1 hat (worn)
Jewellery
 u - a ring of flight (left hand)
 w - a ring of protection from fire (right hand)
Scrolls
 e - a scroll of teleportation {unknown}
 g - a scroll of fear {unknown}
 h - 3 scrolls of identify {unknown}
 k - a scroll of enchant weapon {unknown}
 l - a scroll of remove curse {unknown}
Potions
 d - 4 potions of curing
 j - a potion of flight {unknown}
 o - a potion of heal wounds {unknown}
 r - a potion of stabbing {unknown}
 s - 2 potions of berserk rage {unknown}
 t - a potion of might {unknown}
 x - a potion of invisibility {unknown}
Comestibles
 c - 4 rations
 z - 2 chunks of flesh


   Skills:
 + Level 6.7 Fighting
 + Level 4.8 Short Blades
 + Level 1.6 Long Blades
 + Level 1.6 Axes
 + Level 1.6 Maces & Flails
 + Level 1.6 Polearms
 + Level 1.6 Staves
 + Level 1.6 Slings
 + Level 1.6 Bows
 + Level 1.6 Crossbows
 + Level 1.6 Throwing
 + Level 4.8 Armour
 + Level 3.0 Dodging
 + Level 1.6 Stealth
 + Level 1.6 Shields
 + Level 1.6 Unarmed Combat
 + Level 1.6 Spellcasting
 + Level 1.2 Conjurations
 + Level 1.2 Hexes
 + Level 1.2 Charms
 + Level 1.2 Summonings
 + Level 1.2 Necromancy
 + Level 1.2 Translocations
 + Level 1.2 Transmutations
 + Level 1.2 Fire Magic
 + Level 1.2 Ice Magic
 + Level 1.2 Air Magic
 + Level 1.2 Earth Magic
 + Level 1.2 Poison Magic
 + Level 4.9 Invocations
 + Level 1.6 Evocations


You had 7 spell levels left.
You didn't know any spells.
Your spell library was empty.

Dungeon Overview and Level Annotations

Branches:
Dungeon (4/15)             Temple (0/1) D:4

Altars:
Dithmenos
Kikubaaqudgha
Makhleb
Nemelex Xobeh
Qazlal
Sif Muna
Uskayaw
Xom


Innate Abilities, Weirdness & Mutations

Your experience applies equally to all skills.
You have very sharp teeth.
Your uncanny sense of smell can sniff out nearby items.


Message History

The orc barely misses you.
You hit the orc but do no damage.
The orc is severely wounded.
Your shield prevents you from hitting the orc.
The orc is severely wounded.
The orc hits you with a +0 trident.
You barely miss the orc.
The orc is severely wounded.
The orc hits you with a +0 trident.
* * * LOW HITPOINT WARNING * * *
You hit the orc. You bite the orc.
You kill the orc!
Lugonu accepts your kill. The orc hits you with a +0 flail.
* * * LOW HITPOINT WARNING * * *
Items here: $ )) [[ †† You hit the orc.
The orc is severely wounded.
The orc hits you with a +0 flail!
You die...

....... ..##...#...#
###########.##...#...#
.............#...#(..#
..#.#######..#...#...#
..#.#######..#...#.?.#####
..#.......>...............
..#.........#####....# #
............#####..†.#....
.##...........))@o........
###..........####.#.##....
#...............#.#'######
.._.......#####.#........#
_..._.....# #........###
..........# #...........
..8.._.#### #........###
.......# #..........#
_).._.## #..........#


You could see an orc.

Vanquished Creatures
  A bullfrog skeleton (D:4)
  An orc wizard (D:3)
  A hound skeleton (D:4)
  A gnoll (D:1)
  3 adders
  A worm (D:3)
  2 dart slugs
  A leopard gecko (D:2)
  5 orcs (D:3)
  10 bats
  3 giant cockroaches
  10 goblins
  4 hobgoblins
  10 jackals
  9 kobolds
  A quokka (D:2)
  2 ball pythons (D:1)
  3 frilled lizards
  8 rats
76 creatures vanquished.

Notes
Turn   | Place    | Note
-------+----------+-------------------------------------------
     0 | Abyss:1  | MisterFreud the Gnoll Abyssal Knight began the quest for
                  | the Orb.
     0 | Abyss:1  | Reached XP level 1. HP: 23/23 MP: 3/3
    13 | D:1      | Escaped the Abyss
   149 | D:1      | Reached XP level 2. HP: 29/29 MP: 5/5
   493 | D:1      | Reached XP level 3. HP: 35/35 MP: 6/6
   548 | D:1      | Reached ** piety under Lugonu
  1080 | D:2      | Reached skill level 1 in Long Blades
  1080 | D:2      | Reached skill level 1 in Axes
  1080 | D:2      | Reached skill level 1 in Maces & Flails
  1080 | D:2      | Reached skill level 1 in Polearms
  1080 | D:2      | Reached skill level 1 in Staves
  1080 | D:2      | Reached skill level 1 in Slings
  1080 | D:2      | Reached skill level 1 in Bows
  1080 | D:2      | Reached skill level 1 in Crossbows
  1080 | D:2      | Reached skill level 1 in Throwing
  1080 | D:2      | Reached skill level 1 in Stealth
  1080 | D:2      | Reached skill level 1 in Shields
  1080 | D:2      | Reached skill level 1 in Unarmed Combat
  1080 | D:2      | Reached skill level 1 in Spellcasting
  1080 | D:2      | Reached skill level 1 in Evocations
  1157 | D:2      | Reached XP level 4. HP: 41/41 MP: 7/7
  2182 | D:3      | Reached skill level 1 in Conjurations
  2182 | D:3      | Reached skill level 1 in Hexes
  2182 | D:3      | Reached skill level 1 in Charms
  2182 | D:3      | Reached skill level 1 in Summonings
  2182 | D:3      | Reached skill level 1 in Necromancy
  2182 | D:3      | Reached skill level 1 in Translocations
  2182 | D:3      | Reached skill level 1 in Transmutations
  2182 | D:3      | Reached skill level 1 in Fire Magic
  2182 | D:3      | Reached skill level 1 in Ice Magic
  2182 | D:3      | Reached skill level 1 in Air Magic
  2182 | D:3      | Reached skill level 1 in Earth Magic
  2182 | D:3      | Reached skill level 1 in Poison Magic
  2191 | D:3      | Found a shadowy altar of Dithmenos.
  2193 | D:3      | Found an ancient bone altar of Kikubaaqudgha.
  2203 | D:3      | Found a stormy altar of Qazlal.
  2203 | D:3      | Found a shimmering altar of Xom.
  2204 | D:3      | Found a sparkling altar of Nemelex Xobeh.
  2204 | D:3      | Found a shimmering blue altar of Sif Muna.
  2204 | D:3      | Found a hide-covered altar of Uskayaw.
  2204 | D:3      | Found a burning altar of Makhleb.
  2420 | D:4      | Found a staircase to the Ecumenical Temple.
  2438 | D:4      | Reached XP level 5. HP: 47/47 MP: 8/8
  2685 | D:3      | Reached *** piety under Lugonu
  2701 | D:3      | Slain by an orc

Levels and vault maps discovered:
D:1:      dpeg_arrival_simpleton_a, layout_basic, kennysheep_nondescript,
          minmay_tromino_v4_a
D:2:      cheibrodos_old_hovel, layout_loops_ring
D:3:      layout_basic, nicolae_ru_path_of_blood, grunt_temple_overflow_open
D:4:      layout_cave_pools, temple_statues, serial_shops, shop,
          minmay_diced_spiral

Skill      XL: |  1  2  3  4  5 |
---------------+----------------+-----
Long Blades    | 1 |  1.6
Axes           | 1 |  1.6
Maces & Flails | 1 |  1.6
Polearms       | 1 |  1.6
Staves         | 1 |  1.6
Slings         | 1 |  1.6
Bows           | 1 |  1.6
Crossbows      | 1 |  1.6
Throwing       | 1 |  1.6
Stealth        | 1 |  1.6
Shields        | 1 |  1.6
Unarmed Combat | 1 |  1.6
Spellcasting   | 1 |  1.6
Evocations     | 1 |  1.6
Conjurations   | 1 |  1.2
Hexes          | 1 |  1.2
Charms         | 1 |  1.2
Summonings     | 1 |  1.2
Necromancy     | 1 |  1.2
Translocations | 1 |  1.2
Transmutations | 1 |  1.2
Fire Magic     | 1 |  1.2
Ice Magic      | 1 |  1.2
Air Magic      | 1 |  1.2
Earth Magic    | 1 |  1.2
Poison Magic   | 1 |  1.2
Dodging        | 3 |  3.0
Fighting       | |  6.7
Short Blades   | |  4.8
Armour         | |  4.8
Invocations    | |  4.9

Action                   |  1- 3 |  4- 6 || total
-------------------------+-------+-------++-------
Melee: Short sword       |   116 |   204 ||   320
       Bite              |     9 |    31 ||    40
  Eat: Chunk             |     1 |     5 ||     6
Armor: Leather armour    |    44 |    36 ||    80
Dodge: Dodged            |    74 |    66 ||   140
Block: Kite shield       |    13 |    59 ||    72

Table legend:
 A = Non-vault XP
 B = Vault XP
 C = Vault XP percentage of total XP
 D = Non-vault monster count
 E = Vault monster count
 F = Vault count percentage of total count
                 A         B        C        D         E       F
            +---------+---------+-------+---------+---------+-------
      Total |     272 |       5 |   1.8 |      72 |       4 |   5.3
            +---------+---------+-------+---------+---------+-------
        D:1 |      64 |       3 |   4.5 |      31 |       3 |   8.8
        D:2 |      58 |       2 |   3.3 |      19 |       1 |   5.0
        D:3 |      91 |       0 |   0.0 |      20 |       0 |   0.0
        D:4 |      59 |       0 |   0.0 |       2 |       0 |   0.0
            +---------+---------+-------+---------+---------+-------
